 Dungeon Crawl Stone Soup version 0.31-a0-532-g28f74ba3e5 (webtiles) character file.

Game seed: 7656381606820812929

747 Shayle the Ruffian (level 7, -7/62 HPs)
             Began as an Ogre Shapeshifter on Aug 13, 2023.
             Was an Initiate of Ashenzari.
             Mangled by an orc
             ... wielding a +0 flail
              (8 damage)
             ... on level 6 of the Dungeon.
             The game lasted 00:11:42 (5009 turns).

Shayle the Ruffian (Ogre Shapeshifter)              Turns: 5009, Time: 00:11:42

Health: -7/62      AC:  4    Str: 20    XL:     7   Next: 77%
Magic:  11/14      EV: 10    Int: 17    God:    Ashenzari [......]
Gold:   239        SH:  0    Dex:  9    Spells: 9/15 levels left

rFire   . .          .
                       - Unarmed
rCold   . . .        (no shield)
rNeg    + . .        a - +1 animal skin
rPois   .            (helmet currently unavailable)
rElec   +            (cloak currently unavailable)
rCorr   .            (gloves unavailable)
SInv    +            (boots unavailable)
Will    .....        (no amulet)
Stlth   ++           p - ring "Repose of Ashenzari" {rElec rN+ Int+6 Stlth+, Dev, Cun} (curse)
HPRegen 0.30/turn    h - ring of see invisible
MPRegen 0.14/turn

%: no passive effects
@: mighty, beast-form, on berserk cooldown, freezing walls, slowed, very slow
A: beast (slay +2), large, unfitting armour, tough skin 1
a: Begin Untransformation, Renounce Religion, Shatter the Chains


You were on level 6 of the Dungeon.
You worshipped Ashenzari.
Ashenzari was noncommittal.
You were a hulking beast.
You visited 2 branches of the dungeon, and saw 7 of its levels.

You collected 239 gold pieces.

Inventory:

Missiles
 f - 2 throwing nets
Armour
 a - a +1 animal skin (worn)
 i - a +0 cloak
Jewellery
 g - a ring of flight
 h - a ring of see invisible (right hand)
 p - the cursed ring "Repose of Ashenzari" (left hand) {rElec rN+ Int+6 Stlth+, Dev, Cun}
   (You found it on level 2 of the Dungeon)

   [ring of intelligence]

   Int+6:     It affects your intelligence (+6).
   rElec:     It insulates you from electricity.
   rN+:       It protects you from negative energy.
   Stlth+:    It makes you more stealthy.
   It has a curse which improves the following skills: Devices: Evocations and
   Shapeshifting.
   Cunning:   Dodging and Stealth.
Talismans
 c - a beast talisman (active)
 d - a flux talisman
Wands
 b - a wand of roots (4)
 o - a wand of flame (9)
Scrolls
 j - a scroll of noise
 k - 3 scrolls of teleportation
 l - 3 scrolls of vulnerability
 q - a scroll of enchant weapon {unknown}
Potions
 m - a potion of might


   Skills:
 - Level 1.3 Fighting
 - Level 1.7(2.1) Dodging
 + Level 5.0 Unarmed Combat
 + Level 4.8 Spellcasting
 + Level 1.7 Conjurations
 + Level 3.9 Ice Magic
 - Level 3.0(3.3) Shapeshifting


You had 9 spell levels left.
You knew the following spells:

 Your Spells              Type           Power      Damage    Failure   Level
a - Frozen Ramparts       Ice            34%        1d6       9%          3
b - Hailstorm             Conj/Ice       13%        3d5       14%         3

Your spell library contained the following spells:

 Spells                   Type           Power      Damage    Failure   Level
 Freeze                   Ice            68%        1d8       3%          1
 Sublimation of Blood     Necr           4%         N/A       22%         2
 Wereblood                Tmut           4%         N/A       22%         2
 Dazzling Flash           Conj/Hex       14%        N/A       30%         3
 Volatile Blastmotes      Fire/Tloc      8%         2d10      41%         3
 Starburst                Conj/Fire      3%         6d3       100%        6
 Summon Hydra             Summ           2%         N/A       100%        7
 Maxwell's Capacitive Co  Air            2%         ∞         100%        8


Dungeon Overview and Level Annotations

Branches:
Dungeon (6/15)             Temple (1/1) D:4

Altars:
Ashenzari
Cheibriados
Dithmenos
Elyvilon
Fedhas
Gozag
Hepliaklqana
Kikubaaqudgha
Makhleb
Nemelex Xobeh
Okawaru
Qazlal
Ru
Trog
Uskayaw
Vehumet
Wu Jian
Xom
Zin
The Shining One

Shops:
D:2 =   D:5 :

Annotations:
D:5 Menkaure


Innate Abilities, Weirdness & Mutations

You are a hulking beast.
Your limbs bulge with bestial killing power. (Slay +2)
You are too large for most types of armour.
You have tough skin. (AC +1)


Message History

The orc wizard hits your butterfly with a +1 dagger of holy wrath.
Your butterfly dies!
Your butterfly disappears in a burst of colours!
The killer bee misses your butterfly.
The orc wizard closely misses your butterfly.
You swap places.
Your surroundings suddenly seem different.
A troll, 2 orcs and an ufetubus come into view.
Found a sling, a plate armour and 2 scrolls of identify.
Unknown command.
An adder comes into view.
A sleepcap comes into view.
The adder hisses angrily.
The troll shouts!
Okay, then.
Unknown command.
Okay, then.
Casting: Frozen Ramparts (dangerous; 9% risk of failure)
Confirm with . or Enter, or press ? or * to list all spells.
Casting: Frozen Ramparts (dangerous; 9% risk of failure)
Press: ? - help, Dir - look around, f - activate The walls around you are covered in ice.
The wall freezes the adder.
The adder closely misses you.
The wall freezes the adder.
The adder seems to slow down.
The adder closely misses you.
Unknown command.
You hit the adder.
You kill the adder!
The wall freezes the troll.
Unknown command.
You barely miss the troll.
The troll is lightly wounded.
The wall freezes the orc.
The wall freezes the troll.
The troll barely misses you. x3
Unknown command.
You feel very mighty all of a sudden.
The wall freezes the troll.
The troll barely misses you. The troll claws you but does no damage.
The troll claws you!
* * * LOW HITPOINT WARNING * * *
The wall freezes the orc. x2; The orc hits you with a +0 flail!
You die...

f. .#.#####
.........
#.#.#..#.##
.........h##
#.#.#.#.#To#
...........####
#...)...#.....#
............#.#
.#.....#.#.# .#
...............#
#.#.#...#.#.#..
........[......#


You could see a troll and an orc.

Vanquished Creatures
  Eustachio (D:4)
  A centaur (D:5)
  A scorpion (D:4)
  2 killer bees (D:6)
  An orc priest (D:4)
  Ijyb (D:3)
  An iguana (D:5)
  3 orc wizards
  4 gnolls (D:5)
  6 adders
  A white imp (D:6)
  An ufetubus (D:5)
  3 worms
  4 dart slugs
  17 orcs
  4 endoplasms
  4 giant cockroaches
  2 goblins
  6 hobgoblins
  5 jackals (D:1)
  5 kobolds
  2 quokkas (D:2)
  10 ball pythons
  5 bats
  5 frilled lizards
  9 rats
104 creatures vanquished.

Notes
Turn   | Place    | Note
-------+----------+-------------------------------------------
     0 | D:1      | Shayle the Ogre Shapeshifter began the quest for the Orb.
     0 | D:1      | Reached XP level 1. HP: 19/19 MP: 1/1
   136 | D:1      | Reached XP level 2. HP: 25/27 MP: 1/3
   188 | D:1      | Reached skill level 1 in Spellcasting
   377 | D:1      | Reached skill level 3 in Unarmed Combat
   503 | D:1      | Reached skill level 1 in Ice Magic
   619 | D:1      | Reached XP level 3. HP: 30/33 MP: 5/5
  1026 | D:2      | Learned a level 3 spell: Frozen Ramparts
  1105 | D:2      | Found Wemyuf's Jewellery Boutique.
  1487 | D:2      | Found a faded altar of an unknown god.
  1512 | D:2      | Identified the ring "Jifumnid" {rElec rN+ Int+6 Stlth+}
  1867 | D:3      | Reached XP level 4. HP: 25/41 MP: 7/7
  2499 | D:3      | Found an iron altar of Okawaru.
  2647 | D:3      | Found an ancient bone altar of Kikubaaqudgha.
  2721 | D:3      | Noticed Ijyb
  2749 | D:3      | Killed Ijyb
  2940 | D:3      | Reached XP level 5. HP: 47/48 MP: 8/8
  3191 | D:4      | Found a bloodstained altar of Trog.
  3330 | D:4      | Noticed Eustachio
  3385 | D:4      | Found a staircase to the Ecumenical Temple.
  3395 | Temple   | Entered the Ecumenical Temple
  3529 | D:4      | Killed Eustachio
  3530 | D:4      | Reached skill level 4 in Unarmed Combat
  3530 | D:4      | Reached XP level 6. HP: 17/55 MP: 9/11
  4046 | D:5      | Entered Level 5 of the Dungeon
  4072 | D:5      | Found a burning altar of Makhleb.
  4072 | D:5      | Noticed an Executioner
  4075 | D:5      | Noticed a smoke demon
  4075 | D:5      | Noticed a neqoxec
  4254 | D:5      | Found a glowing silver altar of Zin.
  4343 | D:5      | Noticed Menkaure
  4442 | D:5      | Learned a level 3 spell: Hailstorm
  4456 | D:5      | Reached XP level 7. HP: 57/62 MP: 10/13
  4470 | D:5      | Found a sparkling altar of Nemelex Xobeh.
  4512 | D:5      | Found a white marble altar of Elyvilon.
  4519 | D:5      | Found a sacrificial altar of Ru.
  4524 | D:5      | Found a blossoming altar of Fedhas.
  4529 | D:5      | Found a broken altar of Ashenzari.
  4533 | D:5      | Became a worshipper of Ashenzari the Shackled
  4717 | D:5      | Found Pann's Tiny Tomes.
  4808 | D:5      | Reached skill level 1 in Conjurations
  4984 | D:6      | Reached skill level 5 in Unarmed Combat
  5000 | D:6      | Noticed a troll
  5009 | D:6      | HP: 1/62 [troll (9)]
  5009 | D:6      | Mangled by an orc

Illustrated notes

Levels and vault maps discovered:
D:1:      dpeg_arrival_water_temple_mockup, layout_basic,
          minmay_misc_feat_encased, minmay_misc_feat_five
D:2:      layout_basic, serial_shops, nicolae_shop_gaudy_bauble,
          shapermc_ecumenical_altar_flowoftime, glass_columns_b,
          hangedman_decor_slide_cut, st_stairs_12, minmay_misc_feat_columns
D:3:      kennysheep_six_static_rooms, layout_loops_corners, marbit_many_paths,
          lemuel_doored_altar, serial_bayou, serial_bayou_pond_c,
          serial_bayou_pond_c, serial_bayou_shore_a, serial_bayou_crossing,
          grunt_decor_junction, uniq_ijyb
D:4:      layout_cave_pools, mainiacjoe_overflow_alcove_1,
          minmay_temple_entry_arrows, patterned_corridor, uniq_eustachio
D:5:      layout_cave_pods, mainiacjoe_overflow_24_doors,
          makhleb_altar_promises_db, mainiacjoe_overflow_concentric_impassable,
          lemuel_round_altar, grunt_temple_overflow_cloverleaf,
          nicolae_shop_i_like_small_books_too, uniq_menkaure
D:6:      layout_basic, hangedman_decor_riveting, nicolae_shop_unique_rings,
          lightli_corner_chamber
Temple:   hellmonk_temple_flake

Skill      XL: |  1  2  3  4  5  6  7 |
---------------+----------------------+-----
Spellcasting   | 1 2 3 4 |  4.8
Unarmed Combat | 3 4 5 |  5.0
Ice Magic      | 1 2 3 |  3.9
Conjurations   | 1 |  1.7
Fighting       | |  1.3
Dodging        | |  1.7
Shapeshifting  | |  3.0

Action                     |  1- 3 |  4- 6 |  7- 9 || total
---------------------------+-------+-------+-------++-------
  Melee: Unarmed           |   150 |   156 |    45 ||   351
         Punch             |     5 |     5 |     1 ||    11
   Cast: Frozen Ramparts   |       |     1 |     4 ||     5
 Invoke: Curse Item        |       |       |     1 ||     1
  Evoke: Wand              |       |     3 |       ||     3
    Use: Potion            |       |     2 |     2 ||     4
         Scroll            |       |    11 |     2 ||    13
   Stab: Sleeping          |     3 |     3 |       ||     6
 Armour: Animal skin       |    35 |    60 |    16 ||   111
         Skin              |       |     5 |       ||     5
  Dodge: Dodged            |    47 |   100 |    28 ||   175

Table legend: (Time is in decaauts)
 A = Elapsed time spent in this place.
 B = Non-inter-level travel time spent in this place.
 C = Inter-level travel time spent in this place.
 D = Time resting spent in this place.
 E = Time spent auto-exploring this place.
 F = Levels seen in this place.
 G = Mean time per level.
                   A        B        C        D        E       F      G
               +--------+--------+--------+--------+--------+-----+--------+
         Total |   4988 |   4883 |    105 |    802 |   3010 |   7 |  712.6 |
       Dungeon |   4966 |   4861 |    105 |    802 |   3010 |   6 |  827.7 |
        Temple |     21 |     21 |      0 |      0 |      0 |   1 |   21.0 |
               +--------+--------+--------+--------+--------+-----+--------+

Top non-repeatable levels by time:
     D:3: 1622 daAuts
     D:5: 853 daAuts
     D:4: 838 daAuts
     D:1: 823 daAuts
     D:2: 723 daAuts
     D:6: 104 daAuts
  Temple: 21 daAuts
